 Dungeon Crawl Stone Soup version 0.29.1-1-gd02db6906a (webtiles) character file.

Game seed: 10353390861912009087

226 anonymouscript the Covered (level 6, -1/52 HPs)
             Began as a Meteoran Fighter on Sept 27, 2022.
             Slain by a lemure (7 damage)
             ... led by Pikel
             ... on level 3 of the Dungeon.
             The game lasted 00:05:40 (823 turns).

anonymouscript the Covered (Meteoran Fighter)        Turns: 823, Time: 00:05:42

Health: -1/52      AC: 14    Str: 20    XL:     6   Next: 46%
Magic:  7/7        EV: 10    Int:  9    God:
Gold:   22         SH:  5    Dex: 14    Spells: 5/5 levels left

rFire   . . .      SeeInvis .   j - +2 mace (protect)
rCold   . . .      Faith    .   c - +0 buckler
rNeg    . . .      Spirit   .   b - +0 scale mail
rPois   .          Reflect  .   (no helmet)
rElec   .          Harm     .   (no cloak)
rCorr   .          Rampage  .   (no gloves)
Will    .....                   (no boots)
Stlth   ..........              (no amulet)
HPRegen 0.17/turn               f - ring of wizardry
MPRegen 0.10/turn               (no ring)

@: mighty, under a protective aura, glowing
A: sense surroundings 1, otherworldly, glowing, explore regen
a: no special abilities


You were on level 3 of the Dungeon.
You visited 1 branch of the dungeon, and saw 4 of its levels.

You collected 22 gold pieces.

Inventory:

Hand Weapons
 a - a +0 war axe
 j - a +2 mace of protection (weapon)
Missiles
 g - 11 stones (quivered)
 k - 6 boomerangs
Armour
 b - a +0 scale mail (worn)
 c - a +0 buckler (worn)
 e - a +0 cloak
Jewellery
 f - a ring of wizardry (left hand)
Wands
 m - a wand of flame (15)
Scrolls
 h - 2 scrolls of identify {unknown}
 i - 3 scrolls of teleportation {unknown}
 l - a scroll of magic mapping {unknown}


   Skills:
 + Level 3.7 Fighting
 + Level 3.4(3.9) Axes
 + Level 2.9(3.9) Maces & Flails
 + Level 5.1 Armour
 + Level 2.1 Dodging
 + Level 0.1 Stealth
 + Level 4.5 Shields


You had 5 spell levels left.
You didn't know any spells.
Your spell library contained the following spells:

 Spells                   Type           Power      Damage    Failure   Level
 Blink                    Tloc           0%         N/A       61%         2
 Manifold Assault         Tloc           0%         N/A       100%        5
 Storm Form               Tmut/Air       0%         N/A       100%        7


Dungeon Overview and Level Annotations

Branches:
Dungeon (4/15) Zot: 1536
 Temple: D:4-7

Altars:

Annotations:
D:3 Pikel


Innate Abilities, Weirdness & Mutations

You passively map a small area around you.
You are easily found by Zot.
You glow in the dark.
You regain HP and MP as you explore.


Message History

In your confused state, you trip and fall back down the stairs.
You feel very sick. The scorpion completely misses you.
Pikel zaps a wand.
You easily resist.
A lemure comes into view.
The lemure closely misses you.
You feel very sick.
The lemure shouts!
The scorpion stings you but does no damage.
Pikel hits you with a +0 whip of flaming.
Pikel burns you. The lemure hits you but does no damage.
The scorpion stings you.
You climb upwards.
You feel very sick.
There is a stone staircase leading down here.
You feel very mighty all of a sudden.
You feel sick.
Pikel hits you with a +0 whip of flaming.
Pikel burns you. The lemure hits you but does no damage.
You're too confused to move!
You feel less confused.
You feel sick.
Pikel hits you with a +0 whip of flaming.
Pikel burns you. The lemure hits you!
* * * LOW HITPOINT WARNING * * *
You thump Pikel!
Your weapon exudes an aura of protection.
Pikel is moderately wounded.
You feel sick. The lemure hits you but does no damage.
Pikel hits you but does no damage.
You sock Pikel!
Pikel is severely wounded.
You feel sick. Pikel hits you but does no damage. The lemure hits you.
* * * LOW HITPOINT WARNING * * *
You barely miss Pikel.
Pikel is severely wounded.
You feel sick.
You are no longer poisoned.
You block Pikel's attack. The lemure closely misses you.
Pikel closely misses you. The lemure hits you!
You die...

### ..########## #.#........#
#.#.######.# #.#.#... #.#
#.#.#.##.#'##### #######
#.#.#..#...>...### #.....#
#.#.##.#.......#@###.....########
#.#............#5K.......#.......
#.####.##.......s.รท..............
.....#.##................#.......
#......###.##............#.......
####.#####.##..^.........#.......
#.# .............#####....... #.#
,..........#### #.......
#.#,...........# #.......


You could see Pikel, a lemure and a scorpion.

Vanquished Creatures
  Sigmund (D:2)
  3 adders (D:3)
  A worm (D:3)
  A dart slug (D:2)
  An orc (D:3)
  A bat (D:3)
  3 endoplasms
  A giant cockroach (D:1)
  5 goblins
  5 jackals (D:2)
  2 kobolds
  A quokka (D:3)
  3 ball pythons
  3 rats
31 creatures vanquished.

Notes
Turn   | Place    | Note
-------+----------+-------------------------------------------
     0 | D:1      | anonymouscript the Meteoran Fighter began the quest for the
                  | Orb.
     0 | D:1      | Reached XP level 1. HP: 19/19 MP: 2/2
   123 | D:1      | Reached XP level 2. HP: 22/26 MP: 3/3
   240 | D:3      | Reached skill level 4 in Armour
   240 | D:3      | Reached XP level 3. HP: 31/31 MP: 4/4
   437 | D:3      | Reached XP level 4. HP: 34/40 MP: 5/5
   453 | D:4      | Noticed a lemure
   454 | D:4      | Noticed Pikel
   461 | D:4      | Noticed a scorpion
   474 | D:4      | Noticed a lemure
   611 | D:2      | Noticed Sigmund
   625 | D:2      | Killed Sigmund
   626 | D:2      | Reached skill level 5 in Armour
   626 | D:2      | Reached XP level 5. HP: 46/46 MP: 6/6
   626 | D:2      | Reached XP level 6. HP: 52/52 MP: 7/7
   823 | D:3      | Slain by a lemure

Illustrated notes

Levels and vault maps discovered:
D:1:      saegor_arrival_simple_d, layout_loops_cross, minmay_statues_item
D:2:      layout_loops_corners, basic_altar, uniq_sigmund, uniq_natasha,
          uniq_robin
D:3:      layout_basic, minmay_misc_feat_ornament
D:4:      layout_rooms, zin_academy, uniq_pikel, uniq_edmund, uniq_duvessa

Skill      XL: |  1  2  3  4 |
---------------+-------------+-----
Armour         | 4 5 |  5.1
Shields        | 4 |  4.5
Axes           | 3 |  3.4
Maces & Flails | 2 |  2.9
Dodging        | 2 |  2.1
Fighting       | |  3.7
Stealth        | |  0.1

Action                   |  1- 3 |  4- 6 || total
-------------------------+-------+-------++-------
Melee: War axe           |    64 |       ||    64
       Mace              |     8 |    35 ||    43
  Use: Potion            |       |     1 ||     1
Armor: Scale mail        |    53 |    16 ||    69
Dodge: Dodged            |    33 |    23 ||    56
Block: Buckler           |    23 |     9 ||    32
